 Dungeon Crawl Stone Soup version 0.26.0-45-g9c1d065592 (webtiles) character file.

Game seed: 2583612634115317614

108 kaeus the Sneak (level 4, 0/30 HPs)
             Began as an Octopode Enchanter on Jan 29, 2021.
             Slain by an orc wizard
             ... wielding a +0 dagger
              (4 damage)
             ... on level 3 of the Dungeon.
             The game lasted 00:02:25 (2468 turns).

kaeus the Sneak (Octopode Enchanter)                Turns: 2468, Time: 00:02:26

Health: 0/30       AC:  1    Str:  7    XL:     4   Next: 87%
Magic:  7/7        EV: 14    Int: 17    God:
Gold:   47         SH:  0    Dex: 13    Spells: 1/7 levels left

rFire    . . .     SeeInvis .   j - +0 short sword (protect)
rCold    . . .     Faith    .   (no shield)
rNeg     + . .     Spirit   .   (helmet restricted)
rPois    .         Reflect  .   (no amulet)
rElec    .         Harm     .   i - ring of positive energy
rCorr    .         Rampage  .   (no ring)
Will     .....                  (no ring)
Stlth    ++++......             (no ring)
HPRegen  0.10/turn              (no ring)
MPRegen  0.10/turn              (no ring)
                                (no ring)
                                (no ring)

@: no status effects
A: almost no armour, stealthy swim, amphibious, 8 rings, constrict 8, camouflage
1, gelatinous body 1
a: no special abilities


You were on level 3 of the Dungeon.
You visited 1 branch of the dungeon, and saw 3 of its levels.

You collected 47 gold pieces.

Inventory:

Hand Weapons
 a - a +1 dagger
 j - a +0 short sword of protection (weapon)
Jewellery
 i - a ring of positive energy (left tentacle)
Scrolls
 b - a scroll of fog {unknown}
 c - a scroll of blinking {unknown}
 d - 2 scrolls of random uselessness {unknown}
 e - a scroll of magic mapping {unknown}
 f - 2 scrolls of teleportation {unknown}
 g - a scroll of identify {unknown}
 h - a scroll of fear {unknown}


   Skills:
 * Level 2.3 Fighting
 + Level 1.7 Short Blades
 + Level 2.6 Dodging
 + Level 4.4 Stealth
 + Level 2.4 Spellcasting
 + Level 3.4 Hexes


You had one spell level left.
You knew the following spells:

 Your Spells              Type           Power        Failure   Level
a - Corona                Hex            14%          4%          1
b - Ensorcelled Hibernat  Hex/Ice        14%          14%         2
c - Dazzling Flash        Conj/Hex       14%          28%         3

Your spell library contained the following spells:

 Spells                   Type           Power        Failure   Level
 Confusing Touch          Hex            13%          14%         3
 Tukima's Dance           Hex            13%          14%         3


Dungeon Overview and Level Annotations

Branches:
Dungeon (3/15)

Altars:
Ashenzari
Wu Jian

Annotations:
D:2 1 runed translucent door, Crazy Yiuf


Innate Abilities, Weirdness & Mutations

You cannot wear most types of armour.
You are very stealthy in the water. (Stealth+)
You are amphibious.
You can wear up to eight rings at the same time.
You can use your tentacles to constrict eight enemies at once.
Your skin changes colour to match your surroundings (Stealth+).
Your rubbery body absorbs attacks. (AC +1, EV +1)


Message History

The orc wizard blinks!
The orc wizard hits you but does no damage.
You barely miss the orc wizard. Your grab misses the orc wizard.
Your squeeze misses the orc wizard. The orc barely misses you.
The orc wizard points at you and mumbles some strange words.
The magic dart hits you!
You take 11 damage, and have 17/30 hp.
MASSIVE DAMAGE!!
You closely miss the orc wizard. Your grab misses the orc wizard.
The orc hits you. The orc wizard casts a spell at you. The magic dart hits you.
* * * LOW HITPOINT WARNING * * *
You take 9 damage, and have 8/30 hp.
MASSIVE DAMAGE!!
The orc hits you.
* * * LOW HITPOINT WARNING * * *
The orc wizard hits you with a +0 dagger.
* * * LOW HITPOINT WARNING * * *
You take 4 damage, and have 4/30 hp.
The orc wizard hits you with a +0 dagger.
You die...

#.#.o####.#
#.#..# #.#
#.#..####.##
#.#........#
#.#.#####)[##
#.#.........#
#.#######...#
#.# #oo.#
#@..# #...#
#...# ......
##..### ....
####


You could see an orc wizard and an orc.

Vanquished Creatures
  4 adders (D:2)
  An ooze (D:1)
  2 worms (D:2)
  2 dart slugs (D:2)
  2 leopard geckos
  4 orcs
  6 bats
  A giant cockroach (D:2)
  5 goblins
  8 hobgoblins
  7 kobolds
  A ball python (D:1)
  5 frilled lizards
  5 rats (D:1)
53 creatures vanquished.

Notes
Turn   | Place    | Note
-------+----------+-------------------------------------------
     0 | D:1      | kaeus the Octopode Enchanter began the quest for the Orb.
     0 | D:1      | Reached XP level 1. HP: 11/11 MP: 3/3
   302 | D:1      | Reached XP level 2. HP: 18/18 MP: 5/5
   378 | D:1      | Reached skill level 1 in Fighting
   620 | D:1      | Reached XP level 3. HP: 23/23 MP: 6/6
  1009 | D:2      | Found a broken altar of Ashenzari.
  1463 | D:2      | Learned a level 2 spell: Ensorcelled Hibernation
  1467 | D:2      | Learned a level 3 spell: Dazzling Flash
  1485 | D:2      | Reached XP level 4. HP: 20/29 MP: 7/7
  1807 | D:2      | Found a runed translucent door.
  1808 | D:2      | Noticed Crazy Yiuf
  2015 | D:2      | Found an ornate altar of the Wu Jian Council.
  2468 | D:3      | Slain by an orc wizard

Illustrated notes

Levels and vault maps discovered:
D:1:      tarquinn_simple_flora_water_f, layout_loops_ring
D:2:      layout_basic, lemuel_round_altar, nicolae_ashenzari_panopticon,
          kennysheep_generic_room_9, uniq_crazy_yiuf_cottage
D:3:      layout_loops_ring, elyvilon_altar_5, nicolae_overflow_hidden_temple,
          uniq_jessica, uniq_grinder, uniq_terence

Skill      XL: |  1  2  3 |
---------------+----------+-----
Fighting       | 1 2 |  2.3
Short Blades   | |  1.7
Dodging        | |  2.6
Stealth        | |  4.4
Spellcasting   | |  2.4
Hexes          | |  3.4

Action                   |  1- 3 |  4- 6 || total
-------------------------+-------+-------++-------
Melee: Dagger            |    86 |    29 ||   115
       Constrict         |    19 |    10 ||    29
       Tentacles         |     9 |    10 ||    19
       Short sword       |       |     4 ||     4
 Stab: Sleeping          |    14 |     6 ||    20
Armor: Skin              |     4 |     1 ||     5
Dodge: Dodged            |    48 |    21 ||    69
